 Dungeon Crawl Stone Soup version 0.20.0-8-g6b59dc7 (webtiles) character file.

947 ghjk the Cleaver (level 7, -12/60 HPs)
             Began as a Minotaur Fighter on May 31, 2017.
             Was an Initiate of Okawaru.
             Mangled by Prince Ribbit (14 damage)
             ... on level 6 of the Dungeon.
             The game lasted 00:05:27 (4005 turns).

ghjk the Cleaver (Minotaur Fighter)                 Turns: 4005, Time: 00:05:28

Health: -12/60     AC:  7    Str: 23    XL:     7   Next: 89%
Magic:  6/6        EV:  8    Int:  5    God:    Okawaru [......]
Gold:   179        SH: 10    Dex:  9    Spells: 6/6 levels left

rFire    . . .     SeeInvis .   a - +1 war axe
rCold    . . .     Gourm    .   c - +0 shield
rNeg     . . .     Faith    .   b - +0 scale mail
rPois    .         Spirit   .   e - +0 hat
rElec    .         Reflect  .   (no cloak)
rCorr    .         Harm     .   (no gloves)
MR       .....                  (no boots)
Stlth    ..........             (no amulet)
Regen    0.2/turn               (no ring)
MPRegen  0.1/turn               (no ring)

@: no status effects
A: retaliatory headbutt, horns 2
a: Renounce Religion


You were on level 6 of the Dungeon.
You worshipped Okawaru.
Okawaru was noncommittal.
You were not hungry.

You visited 2 branches of the dungeon, and saw 7 of its levels.

You collected 179 gold pieces.

Inventory:

Hand Weapons
 a - a +1 war axe (weapon)
Armour
 b - a +0 scale mail (worn)
 c - a +0 shield (worn)
 e - a +0 hat (worn)
Jewellery
 h - a +3 ring of strength {unknown}
 o - an uncursed ring of protection from cold {unknown}
 w - a +5 ring of strength {unknown}
Wands
 q - a wand of iceblast (8/15)
 t - a wand of digging (16/24)
Scrolls
 g - 5 scrolls of remove curse
 j - 2 scrolls of teleportation
 l - 2 scrolls of enchant weapon
 r - 2 scrolls of recharging
 s - a scroll of random uselessness {unknown}
 x - a scroll of blinking {unknown}
Potions
 d - a potion of curing {unknown}
 k - 3 potions of heal wounds {unknown}
 n - 2 potions of brilliance
 u - a potion of berserk rage {unknown}
Books
 v - a book of Changes

   Spells                             Type                      Level
   a - Beastly Appendage              Transmutation                1
   b - Sticks to Snakes               Transmutation                2
   c - Spider Form                    Transmutation/Poison         3
   d - Ice Form                       Ice/Transmutation            4
   e - Blade Hands                    Transmutation                5
 y - a book of Necromancy

   Spells                             Type                      Level
   a - Pain                           Necromancy                   1
   b - Animate Skeleton               Necromancy                   1
   c - Vampiric Draining              Necromancy                   3
   d - Regeneration                   Charms/Necromancy            3
   e - Animate Dead                   Necromancy                   4
   f - Control Undead                 Necromancy                   4
Comestibles
 f - 8 bread rations
 i - 3 royal jellies
 m - 4 fruits
 p - 4 meat rations


   Skills:
 + Level 4.5 Fighting
 * Level 8.3 Axes
 * Level 6.4 Armour
 + Level 1.5 Dodging
 + Level 0.3 Stealth
 - Level 5.0 Shields


You had 6 spell levels left.
You didn't know any spells.

Dungeon Overview and Level Annotations

Branches:
Dungeon (6/15)             Temple (1/1) D:5

Altars:
Ashenzari
Cheibriados
Fedhas
Hepliaklqana
Kikubaaqudgha
Makhleb
Nemelex Xobeh
Okawaru
Qazlal
Sif Muna
Trog
Vehumet
Xom
Yredelemnul
Zin
The Shining One

Annotations:
D:6 Prince Ribbit


Innate Abilities, Weirdness & Mutations

You reflexively headbutt those who attack you in melee.
You have a pair of horns on your head.


Message History

Prince Ribbit hits you!
Unknown command.
You are too injured to fight recklessly!
Unknown command.
You are too injured to fight recklessly!
Unknown command.
You are too injured to fight recklessly!
Unknown command.
You are too injured to fight recklessly!
Unknown command.
You completely miss Prince Ribbit.
Prince Ribbit is heavily wounded.
Prince Ribbit closely misses you. Prince Ribbit hits you.
* * * LOW HITPOINT WARNING * * *
You slash Prince Ribbit! Your headbutt misses Prince Ribbit.
Prince Ribbit is almost dead.
Prince Ribbit hits you!
* * * LOW HITPOINT WARNING * * *
Prince Ribbit hits you!
You die...

.## ..... ...## ......
.....### #..# #...#
.......###...#
#...####.......#..#
##....##...........#
#...).#...........#
##...$)..@.........##
###...[.....F.........##.
#..<..[......$...<.......
.......................####..
.......................#
####......####.!.......#
........# ##.........#
.......... #........##
..##.......# ##........#


You could see Prince Ribbit.

Vanquished Creatures
  Purgy (D:3)
  2 ogres
  A bullfrog (D:6)
  A howler monkey (D:4)
  2 hounds (D:5)
  2 orc priests
  3 orc wizards
  A bullfrog skeleton (D:4)
  Jessica (D:3)
  3 worker ants
  A hound zombie (D:6)
  4 gnolls (D:2)
  6 adders
  An adder skeleton (D:4)
  A worm (D:3)
  4 dart slugs
  2 leopard geckos
  24 orcs
  3 giant cockroaches
  4 goblins
  9 hobgoblins
  9 jackals (D:2)
  4 quokkas
  A ball python (D:1)
  A ball python skeleton (D:6)
  15 bats
  5 frilled lizards
  6 kobolds
  6 rats
123 creatures vanquished.

Notes
Turn   | Place    | Note
-------+----------+-------------------------------------------
     0 | D:1      | ghjk the Minotaur Fighter began the quest for the Orb.
     0 | D:1      | Reached XP level 1. HP: 19/19 MP: 0/0
    95 | D:1      | Reached XP level 2. HP: 27/27 MP: 1/1
   180 | D:1      | Found a snail-covered altar of Cheibriados.
   223 | D:1      | Reached skill level 3 in Axes
   401 | D:1      | Reached XP level 3. HP: 31/33 MP: 2/2
   701 | D:2      | Reached skill level 4 in Axes
   701 | D:2      | Reached XP level 4. HP: 31/40 MP: 3/3
  1047 | D:3      | Reached skill level 5 in Axes
  1047 | D:3      | Reached XP level 5. HP: 46/46 MP: 4/4
  1084 | D:3      | Found a deep blue altar of Sif Muna.
  1242 | D:3      | Noticed Purgy
  1248 | D:3      | Killed Purgy
  1248 | D:3      | Reached skill level 5 in Armour
  1248 | D:3      | Reached skill level 1 in Dodging
  1248 | D:3      | Reached XP level 6. HP: 52/52 MP: 5/5
  1406 | D:3      | Reached skill level 6 in Axes
  1634 | D:3      | Found a snail-covered altar of Cheibriados.
  1699 | D:3      | Noticed Jessica
  1706 | D:3      | Killed Jessica
  2461 | D:4      | Reached skill level 7 in Axes
  2461 | D:4      | Reached XP level 7. HP: 28/59 MP: 6/6
  2950 | D:5      | Entered Level 5 of the Dungeon
  3051 | D:5      | Found a staircase to the Ecumenical Temple.
  3243 | Temple   | Entered the Ecumenical Temple
  3305 | Temple   | Became a worshipper of Warmaster Okawaru
  3339 | D:5      | Reached skill level 5 in Shields
  3351 | D:5      | Found a shattered altar of Ashenzari.
  3396 | D:5      | Reached skill level 8 in Axes
  3724 | D:6      | Noticed Prince Ribbit
  4005 | D:6      | HP: 2/60 [Prince Ribbit (15)]
  4005 | D:6      | Mangled by Prince Ribbit

Skill      XL: |  1  2  3  4  5  6  7 |
---------------+----------------------+-----
Armour         | 4 5 6 |  6.4
Axes           | 3 4 5 7 8 |  8.3
Shields        | 4 5 |  5.0
Fighting       | 4 |  4.5
Dodging        | 1 |  1.5
Stealth        | |  0.3

Action                   |  1- 3 |  4- 6 |  7- 9 || total
-------------------------+-------+-------+-------++-------
Melee: War axe           |    91 |   155 |    72 ||   318
       Headbutt          |    16 |    21 |    10 ||    47
  Use: Scroll            |     3 |     6 |       ||     9
       Potion            |       |     1 |       ||     1
  Eat: Chunk             |       |     4 |     6 ||    10
Armor: Scale mail        |    53 |    59 |    19 ||   131
Dodge: Dodged            |    39 |    49 |    29 ||   117
Block: Shield            |    65 |    88 |    40 ||   193
